 Dungeon Crawl Stone Soup version 0.26-a0-309-gfa14c3a (webtiles) character file.

Game seed: 8910284512484628625

267 Illumine the Chopper (level 6, 0/51 HPs)
             Began as a Palentonga Fighter on July 14, 2020.
             Was an Initiate of Makhleb.
             Killed from afar by a white imp (5 damage)
             ... with a puff of frost
             ... on level 5 of the Dungeon on July 15, 2020.
             The game lasted 00:06:13 (3269 turns).

Illumine the Chopper (Palentonga Fighter)           Turns: 3269, Time: 00:06:14

Health: 0/51       AC: 10    Str: 21    XL:     6   Next: 0%
Magic:  6/6        EV:  5    Int:  8    God:    Makhleb [......]
Gold:   154        SH:  9    Dex: 10    Spells: 5/5 levels left

rFire    . . .     SeeInvis +   r - +1 hand axe (elec)
rCold    + . .     Faith    .   c - +0 kite shield
rNeg     . . .     Spirit   .   s - +3 scale mail
rPois    .         Reflect  .   o - +0 helmet
rElec    .         Harm     .   (no cloak)
rCorr    .                      (no gloves)
MR       .....                  (boots restricted)
Stlth    ..........             (no amulet)
HPRegen  0.17/turn              t - ring of protection from cold
MPRegen  0.10/turn              (no ring)

@: mighty
A: large, rugged brown scales 3, see invisible, deformed body, roll, armoured
tail
a: Rolling Charge, Renounce Religion


You were on level 5 of the Dungeon.
You worshipped Makhleb.
Makhleb was noncommittal.
You visited 1 branch of the dungeon, and saw 5 of its levels.

You collected 154 gold pieces.

Inventory:

Hand Weapons
 a - a +0 war axe
 n - a +0 hunting sling
 r - a +1 hand axe of electrocution (weapon)
Missiles
 k - 59 bolts
 l - 5 boomerangs (quivered)
 p - 58 sling bullets
Armour
 c - a +0 kite shield (worn)
 o - a +0 helmet (worn)
 s - a +3 scale mail (worn)
Jewellery
 t - a ring of protection from cold (left hand)
 w - an uncursed amulet of guardian spirit {unknown}
Wands
 b - a wand of polymorph (11)
 x - a wand of acid (10)
Scrolls
 e - a scroll of teleportation {unknown}
 g - 2 scrolls of amnesia
 i - a scroll of remove curse {unknown}
 j - 2 scrolls of blinking {unknown}
 u - a scroll of random uselessness {unknown}
 v - a scroll of identify
Potions
 f - 2 potions of curing {unknown}
 h - a potion of cancellation
 m - a potion of flight
 q - 2 potions of lignification


   Skills:
 + Level 4.2 Fighting
 * Level 4.7 Axes
 - Level 2.4 Armour
 + Level 3.4 Shields


You had 5 spell levels left.
You didn't know any spells.
Your spell library was empty.

Dungeon Overview and Level Annotations

Branches:
Dungeon (5/15)
 Temple: D:4-7

Altars:
Ashenzari
Elyvilon
Makhleb
Zin
The Shining One

Annotations:
D:2 Sigmund
D:4 1 runed translucent door
D:5 Pikel


Innate Abilities, Weirdness & Mutations

You are completely covered in rugged brown scales. (AC +3, +7% HP)
You have supernaturally acute eyesight. (SInv)
Armour fits poorly on your strangely shaped body.
You can roll at foes to attack.
You have a long armoured tail.


Message History

Pikel is almost dead.
You hit the lemure. You hit the lemure but do no damage. x2
Lightning courses through the lemure!
You kill the lemure!
That felt strangely unrewarding.
You slash the lemure! You block the lemure's attack. x3
Pikel hits you with a +2 whip of electrocution.
You are electrocuted!
* * * LOW HITPOINT WARNING * * *
You closely miss Pikel.
Pikel is almost dead.
You completely miss the lemure.
Your shield prevents you from hitting the white imp.
You closely miss the lemure. You slash the lemure!
You kill the lemure!
That felt strangely unrewarding.
The lemure barely misses you. You block the lemure's attack.
You block Pikel's attack. The white imp gestures at you.
The puff of frost hits you. You resist.
You die...

..#.# #####.#.#
#.....#.###
####.####....#
.............#
####.#.......######
#....<......##...#
##.#####.......5?.####
...........##'##@K...#
.#.#####...#...#55.#.#
.#.........#...#l....#
.#.#.##5####...#.##..#
.........⌠.##+##.⌠ ..#
..>.....#......... ...
.....#####..(5...# ..#
.....# .......# ..#
.....# .._.


You could see Pikel, 2 lemures, an iguana and a white imp.

Vanquished Creatures
  2 lemures (D:5)
  A hound (D:4)
  2 worker ants (D:4)
  A hound skeleton (D:4)
  6 adders
  A white imp (D:4)
  An ooze (D:4)
  5 worms
  5 dart slugs
  3 leopard geckos
  2 orcs
  2 ball pythons
  4 giant cockroaches
  7 goblins
  9 hobgoblins
  7 jackals
  A quokka (D:2)
  A ball python skeleton (D:4)
  7 bats
  6 frilled lizards
  9 kobolds
  6 rats
88 creatures vanquished.

Notes
Turn   | Place    | Note
-------+----------+-------------------------------------------
     0 | D:1      | Illumine the Palentonga Fighter began the quest for the
                  | Orb.
     0 | D:1      | Reached XP level 1. HP: 19/19 MP: 1/1
   209 | D:1      | Reached XP level 2. HP: 22/25 MP: 2/2
   443 | D:1      | Reached XP level 3. HP: 31/31 MP: 3/3
  1327 | D:2      | Reached XP level 4. HP: 37/37 MP: 4/4
  1541 | D:2      | Noticed Sigmund
  2408 | D:3      | Reached XP level 5. HP: 44/44 MP: 5/5
  2639 | D:4      | Found a white marble altar of Elyvilon.
  2639 | D:4      | Noticed an angel
  2640 | D:4      | Found a runed translucent door.
  2951 | D:4      | Found a glowing silver altar of Zin.
  2951 | D:4      | Found a white marble altar of Elyvilon.
  2952 | D:4      | Found a glowing golden altar of the Shining One.
  2990 | D:4      | Reached XP level 6. HP: 51/51 MP: 6/6
  3051 | D:4      | Found a burning altar of Makhleb.
  3058 | D:4      | Became a worshipper of Makhleb the Destroyer
  3237 | D:5      | Entered Level 5 of the Dungeon
  3250 | D:5      | Found a shattered altar of Ashenzari.
  3259 | D:5      | Noticed Pikel
  3269 | D:5      | Killed from afar by a white imp

Illustrated notes

Levels and vault maps discovered:
D:1:      psy_arrival_fountain, layout_basic
D:2:      layout_rooms, nicolae_ru_path_of_blood, uniq_sigmund
D:3:      layout_loops_ring, nrook_campfire
D:4:      layout_cave_pools, good_gods_temple_1, nicolae_overflow_crystal_walls,
          lemuel_angel_altar
D:5:      cheibrodos_fertilizer, layout_basic, evilmike_ruin_ashenzari,
          trog_wizard, uniq_pikel, uniq_menkaure, uniq_blork_the_orc

Skill      XL: |  1  2  3  4  5 |
---------------+----------------+-----
Axes           | 3 4 |  4.7
Shields        | 3 |  3.4
Fighting       | 4 |  4.2
Armour         | |  2.4

Action                   |  1- 3 |  4- 6 || total
-------------------------+-------+-------++-------
Melee: War axe           |    99 |    83 ||   182
       Tailslap          |    10 |    15 ||    25
       Hand axe          |       |    61 ||    61
 Abil: Rolling Charge    |    11 |    26 ||    37
  Use: Scroll            |       |     4 ||     4
       Potion            |       |     1 ||     1
 Stab: Distracted        |       |     1 ||     1
Armor: Scale mail        |    74 |    72 ||   146
Dodge: Dodged            |    19 |    16 ||    35
Block: Kite shield       |    55 |    66 ||   121

Table legend:
 A = Non-vault XP
 B = Vault XP
 C = Vault XP percentage of total XP
 D = Non-vault monster count
 E = Vault monster count
 F = Vault count percentage of total count
                 A         B        C        D         E       F
            +---------+---------+-------+---------+---------+-------
      Total |     382 |       0 |   0.0 |      86 |       0 |   0.0
            +---------+---------+-------+---------+---------+-------
        D:1 |      73 |       0 |   0.0 |      33 |       0 |   0.0
        D:2 |      44 |       0 |   0.0 |      15 |       0 |   0.0
        D:3 |      83 |       0 |   0.0 |      24 |       0 |   0.0
        D:4 |     182 |       0 |   0.0 |      14 |       0 |   0.0
            +---------+---------+-------+---------+---------+-------
